 Dungeon Crawl Stone Soup version 0.30-a0-6-g7c9e10e132 (webtiles) character file.

Game seed: 4436188370413353425

2720 Flugkiller the Cleaver (level 9, -2/79 HPs)
             Began as a Minotaur Fighter on Aug 23, 2022.
             Was a Believer of Cheibriados.
             Slain by an ice beast (14 damage)
             ... on level 7 of the Dungeon.
             The game lasted 00:03:49 (6802 turns).

Flugkiller the Cleaver (Minotaur Fighter)           Turns: 6802, Time: 00:03:50

Health: -2/79      AC: 12    Str: 26    XL:     9   Next: 39%
Magic:  11/11      EV: 11    Int: 10    God:    Cheibriados [**....]
Gold:   344        SH: 10    Dex: 19    Spells: 8/8 levels left

rFire   . . .      SeeInvis .    G - +0 war axe (freeze)
rCold   . . .      Faith    .    c - +0 buckler
rNeg    . . .      Spirit   .    k - +0 chain mail
rPois   +          Reflect  +    i - +0 hat
rElec   .          Harm     .    x - +0 cloak
rCorr   .          Rampage  .    (no gloves)
Will    +....                    (no boots)
Stlth   ..........               H - amulet of reflection
HPRegen 0.23/turn                m - ring of willpower
MPRegen 0.12/turn                o - ring of poison resistance

@: studying Shields, very slow
A: horns 2, retaliatory headbutt
a: Renounce Religion, Bend Time


You were on level 7 of the Dungeon.
You worshipped Cheibriados.
Cheibriados was pleased with you.
You visited 2 branches of the dungeon, and saw 8 of its levels.

You collected 344 gold pieces.

Inventory:

Hand Weapons
 y - a +1 battleaxe of electrocution
   (You took it off Blork the orc on level 5 of the Dungeon)
 G - a +0 war axe of freezing (weapon)
   (You found it on level 6 of the Dungeon)
Armour
 b - a +0 scale mail
 c - a +0 buckler (worn)
 d - a +0 kite shield
   (You took it off a gnoll sergeant on level 5 of the Dungeon)
 i - a +0 hat (worn)
   (You found it on level 1 of the Dungeon)
 k - a +0 chain mail (worn)
   (You found it on level 1 of the Dungeon)
 x - a +0 cloak (worn)
   (You found it on level 2 of the Dungeon)
Jewellery
 m - a ring of willpower (left hand)
   (You found it on level 2 of the Dungeon)
 o - a ring of poison resistance (right hand)
   (You found it on level 5 of the Dungeon)
 H - an amulet of reflection (around neck)
   (You found it on level 6 of the Dungeon)
Scrolls
 a - a scroll of fear {unknown}
 f - a scroll of immolation
 g - 2 scrolls of vulnerability
 l - 2 scrolls of magic mapping
 s - a scroll of enchant armour
 t - 4 scrolls of teleportation
 z - a scroll of blinking
Potions
 e - 3 potions of lignification
 h - a potion of haste {unknown}
 p - a potion of mutation
 q - 5 potions of curing
 u - 2 potions of magic {unknown}
 v - a potion of invisibility {unknown}
 w - a potion of resistance {unknown}
 A - a potion of flight {unknown}
 B - a potion of cancellation {unknown}
 C - a potion of brilliance {unknown}
 D - a potion of heal wounds {unknown}
 E - a potion of ambrosia {unknown}
 F - 3 potions of berserk rage {unknown}


   Skills:
 + Level 7.6 Fighting
 * Level 9.8 Axes
 + Level 7.5 Armour
 + Level 4.8 Dodging
 - Level 3.6 Shields
 + Level 4.3 Invocations


You had 8 spell levels left.
You didn't know any spells.
Your spell library was empty.

Dungeon Overview and Level Annotations

Branches:
Dungeon (7/15)             Temple (1/1) D:4

Altars:
Ashenzari
Cheibriados
Elyvilon
Fedhas
Kikubaaqudgha
Makhleb
Nemelex Xobeh
Qazlal
Ru
Wu Jian
Yredelemnul
Zin
The Shining One

Shops:
D:3 (


Innate Abilities, Weirdness & Mutations

You have a pair of horns on your head.
You reflexively headbutt those who attack you in melee.


Message History

There is a stone staircase leading down here.
a - a scroll labelled TUQISAY ULAYRAM You now have 336 gold pieces (gained 7).
A hound comes into view.
Found a stone staircase leading up.
The hound barks!
A hound is nearby!
A hound is nearby!
You block the hound's attack. The hound bites you but does no damage.
You block the hound's attack.
You slash the hound! You freeze the hound.
You kill the hound!
Cheibriados thoroughly appreciates the change of pace.
No target in view!
No target in view!
No target in view!
No target in view!
No target in view!
No target in view!
No target in view!
F - 3 black potions (gained 2)
You now have 344 gold pieces (gained 8).
You open the door.
There is an open door here.
You see here a staff of poison.
There is an open door here.
Items here: "" ==.
You see here a +0 war axe.
Found a stone staircase leading up.
Done exploring.
Done exploring.
Done exploring.
No target in view!
(D) Dungeon (T) Temple
Where to? (Enter - D:6, ? - help)
There is a stone staircase leading down here.
You climb downwards.
Found 3 stones and a Trismegistus Codex.
Found a stone staircase leading up.
There is a stone staircase leading up here.
Found 7 stones.
You open the door.
A hornet, a gnoll sergeant and an ice beast come into view.
The gnoll sergeant is wielding a +2 vorpal spear.
There are monsters nearby!
You hit the hornet but do no damage.
The hornet stings you but does no damage.
You block the hornet's attack. The gnoll sergeant barely misses you.
You barely miss the hornet. The hornet stings you!
The gnoll sergeant barely misses you. You block the hornet's attack.
You closely miss the hornet.
You headbutt the hornet, but do no damage.
The hornet barely misses you. You block the gnoll sergeant's attack.
You closely miss the hornet.
The hornet stings you but does no damage.
The gnoll sergeant closely misses you. The hornet stings you!
You feel yourself slow down.
You closely miss the hornet. The hornet barely misses you.
You furiously retaliate!
You headbutt the hornet.
The gnoll sergeant hits you from afar with a +2 vorpal spear.
The hornet barely misses you. You block the gnoll sergeant's attack.
You miss the hornet. You headbutt the hornet!
The hornet is heavily wounded.
You feel yourself speed up.
The hornet stings you but does no damage.
The hornet stings you!
You feel yourself slow down.
The gnoll sergeant hits you from afar with a +2 vorpal spear.
You block the hornet's attack.
You slash the hornet! You freeze the hornet.
You kill the hornet!
Cheibriados thoroughly appreciates the change of pace.
The gnoll sergeant hits you but does no damage.
The gnoll sergeant hits you from afar with a +2 vorpal spear!
You are too injured to fight recklessly!
You are too injured to fight recklessly!
You are too injured to fight recklessly!
You are too injured to fight recklessly!
You are too injured to fight recklessly!
You are too injured to fight recklessly!
You are too injured to fight recklessly!
You are too injured to fight recklessly!
You are too injured to fight recklessly!
You are too injured to fight recklessly!
You are too injured to fight recklessly!
You slash the gnoll sergeant! You freeze the gnoll sergeant.
You headbutt the gnoll sergeant!
The gnoll sergeant is severely wounded.
You feel yourself speed up.
The gnoll sergeant hits you with a +2 vorpal spear.
The gnoll sergeant hits you with a +2 vorpal spear!
* * * LOW HITPOINT WARNING * * *
x2 You hit the gnoll sergeant.
You freeze the gnoll sergeant.
You kill the gnoll sergeant!
Cheibriados appreciates the change of pace.
You slash the ice beast!
The ice beast is severely wounded.
The ice beast hits you.
* * * LOW HITPOINT WARNING * * *
The ice beast freezes you!
You die...

#.# #.#
##.# #..#
#.## #.#
###
#.#♣♣.♣♣
#.#♣..Y♣#
#.#.#†#@#
#.#.#g#.#
#.#.#Y#.#
#.#.#.#.#
#.#.#.#.♣
#...#.#..
#.#.#.#.♣
#.#.# #.#
#.#.#


You could see an ice beast.

Vanquished Creatures
  Pikel (D:5)
  Prince Ribbit (D:6)
  A hornet (D:7)
  A yak (D:6)
  A water moccasin (D:5)
  Duvessa (D:5)
  A black bear (D:5)
  An ogre (D:4)
  A lemure (D:5)
  A bullfrog (D:4)
  2 gnoll sergeants
  Blork the orc (D:5)
  3 necrophages
  Dowan (D:5)
  2 jellies
  4 hounds (D:6)
  4 orc priests
  3 iguanas
  6 orc wizards
  Robin (D:3)
  8 adders
  10 gnolls
  2 shadow imps (D:6)
  An ufetubus (D:6)
  6 dart slugs
  23 orcs
  7 endoplasms
  3 giant cockroaches
  15 goblins
  7 hobgoblins
  4 jackals
  7 quokkas
  8 ball pythons
  5 bats
  8 frilled lizards
  12 kobolds
  9 rats
172 creatures vanquished.

Vanquished Creatures (others)
  5 fungi (D:3)
  3 plants (D:3)
8 creatures vanquished.

Grand Total: 180 creatures vanquished

Notes
Turn   | Place    | Note
-------+----------+-------------------------------------------
     0 | D:1      | Flugkiller the Minotaur Fighter began the quest for the
                  | Orb.
     0 | D:1      | Reached XP level 1. HP: 19/19 MP: 0/0
    80 | D:1      | Found a faded altar of an unknown god.
   289 | D:1      | Reached skill level 3 in Axes
   289 | D:1      | Reached XP level 2. HP: 27/27 MP: 1/1
  1008 | D:1      | Reached XP level 3. HP: 33/33 MP: 2/2
  1353 | D:2      | Found a white marble altar of Elyvilon.
  1372 | D:2      | Reached skill level 4 in Axes
  1641 | D:2      | Reached XP level 4. HP: 36/40 MP: 3/3
  2021 | D:2      | Reached XP level 5. HP: 29/47 MP: 4/4
  2027 | D:2      | Reached skill level 5 in Axes
  2606 | D:3      | Found a glowing silver altar of Zin.
  2669 | D:3      | Found a blossoming altar of Fedhas.
  2698 | D:3      | Found Feph's Antique Weapon Emporium.
  3070 | D:3      | Noticed Robin
  3085 | D:3      | Killed Robin
  3086 | D:3      | Reached skill level 5 in Armour
  3169 | D:3      | Reached skill level 5 in Fighting
  3180 | D:3      | Reached XP level 6. HP: 17/56 MP: 5/5
  3604 | D:4      | Found a staircase to the Ecumenical Temple.
  3619 | Temple   | Entered the Ecumenical Temple
  3642 | Temple   | Became a worshipper of Cheibriados the Contemplative
  3768 | D:4      | Reached skill level 6 in Axes
  3778 | D:4      | Reached skill level 1 in Dodging
  3778 | D:4      | Reached skill level 1 in Invocations
  4149 | D:4      | Identified the +1 scale mail "Ratam" {rF+ Int-5 Dex+4}
  4646 | D:5      | Entered Level 5 of the Dungeon
  4680 | D:5      | Reached XP level 7. HP: 50/61 MP: 6/6
  4797 | D:5      | Reached * piety under Cheibriados
  4809 | D:5      | Reached skill level 7 in Axes
  4957 | D:5      | Noticed Pikel
  4978 | D:5      | Killed Pikel
  4979 | D:5      | Reached skill level 8 in Axes
  4979 | D:5      | Reached XP level 8. HP: 37/71 MP: 7/9
  5292 | D:5      | Found a basalt altar of Yredelemnul.
  5292 | D:5      | Found a stormy altar of Qazlal.
  5311 | D:5      | Noticed Blork the orc
  5312 | D:5      | Noticed Duvessa
  5312 | D:5      | Noticed Dowan
  5322 | D:5      | Killed Duvessa
  5327 | D:5      | Killed Blork the orc
  5332 | D:5      | Killed Dowan
  5486 | D:5      | Found a glowing golden altar of the Shining One.
  5831 | D:6      | Found a sparkling altar of Nemelex Xobeh.
  5838 | D:6      | Reached ** piety under Cheibriados
  5846 | D:6      | Reached skill level 9 in Axes
  5924 | D:6      | Reached XP level 9. HP: 74/79 MP: 10/10
  6382 | D:6      | Noticed Prince Ribbit
  6391 | D:6      | Killed Prince Ribbit
  6802 | D:7      | Slain by an ice beast

Illustrated notes

Levels and vault maps discovered:
D:1:      minmay_arrival_checkered_box, layout_basic,
          hellmonk_ecumenical_altar_lost_god
D:2:      layout_loops_ring, basic_altar, minmay_surrounded
D:3:      minmay_chambers_of_twos, layout_loops_ring, fedhas_altar_3,
          mainiacjoe_overflow_paths, serial_shops,
          nicolae_shop_overgrown_old_shop, minmay_cupped, uniq_robin
D:4:      layout_basic, temple_statues, minmay_manual_mail
D:5:      layout_rooms, tso_altar, nicolae_overflow_two_pavilions, uniq_pikel,
          uniq_duvessa, uniq_blork_the_orc
D:6:      layout_basic, lemuel_doored_altar, serial_glass, glass_columns_a,
          glass_columns_c, minmay_small_thing, uniq_prince_ribbit1
D:7:      nzn_winding_woodlands_three_and_one
          [nzn_winding_woodlands_5x15_longhouse,
          nzn_winding_woodlands_5x15_pool, nzn_winding_woodlands_5x15_cabin,
          nzn_winding_woodlands_center_lodge], layout_cave_pools,
          minmay_manual_mandibuliform
Temple:   hellmonk_temple_two_chambers

Skill      XL: |  1  2  3  4  5  6  7  8  9 |
---------------+----------------------------+-----
Axes           | 3 4 5 6 8 9 |  9.8
Armour         | 4 5 6 7 |  7.5
Fighting       | 4 5 6 7 |  7.6
Dodging        | 1 3 4 |  4.8
Invocations    | 1 3 4 |  4.3
Shields        | |  3.6

Action                   |  1- 3 |  4- 6 |  7- 9 || total
-------------------------+-------+-------+-------++-------
Melee: War axe           |    80 |   169 |   140 ||   389
       Headbutt          |    10 |    24 |    21 ||    55
  Use: Scroll            |       |    10 |     2 ||    12
       Potion            |       |     1 |     1 ||     2
Armor: Scale mail        |    12 |       |       ||    12
       Chain mail        |    18 |    82 |    76 ||   176
       Skin              |       |       |    17 ||    17
Dodge: Dodged            |    49 |    82 |    75 ||   206
Block: Buckler           |    16 |    37 |    47 ||   100

Table legend: (Time is in decaauts)
 A = Elapsed time spent in this place.
 B = Non-inter-level travel time spent in this place.
 C = Inter-level travel time spent in this place.
 D = Time resting spent in this place.
 E = Time spent auto-exploring this place.
 F = Levels seen in this place.
 G = Mean time per level.
                   A        B        C        D        E       F      G
               +--------+--------+--------+--------+--------+-----+--------+
         Total |   7591 |   7264 |    327 |   1331 |   4820 |   8 |  948.9 |
       Dungeon |   7560 |   7240 |    320 |   1331 |   4807 |   7 | 1080.0 |
        Temple |     31 |     25 |      6 |      0 |     13 |   1 |   31.0 |
               +--------+--------+--------+--------+--------+-----+--------+

Top non-repeatable levels by time:
     D:5: 1293 daAuts
     D:4: 1278 daAuts
     D:1: 1255 daAuts
     D:6: 1209 daAuts
     D:2: 1206 daAuts
     D:3: 1166 daAuts
     D:7: 150 daAuts
  Temple: 31 daAuts
